 Dungeon Crawl Stone Soup version 0.19.5 (webtiles) character file.

80 Lizzreth the Caller (level 4, -2/30 HPs)
             Began as a Merfolk Summoner on Mar 16, 2017.
             Killed by divine providence
             ... invoked by an orc priest
              (9 damage)
             ... on level 3 of the Dungeon.
             The game lasted 00:14:12 (2002 turns).

Lizzreth the Caller (Merfolk Summoner)              Turns: 2002, Time: 00:14:20

Health: -2/30      AC:  2    Str:  8    XL:     4   Next: 39%
Magic:  7/7        EV: 13    Int: 15    God:
Gold:   96         SH:  0    Dex: 14    Spells: 2 memorised, 3 levels left

rFire  . . .     SeeInvis .     e - +0 spear
rCold  . . .     Gourm    .     a - +0 robe
rNeg   . . .     Faith    .     (no shield)
rPois  .         Spirit   .     (no helmet)
rElec  .         Reflect  .     (no cloak)
rCorr  +         Harm     .     (no gloves)
MR     .....                    (no boots)
Stlth  ++........               f - amulet of magic regeneration
                                (no ring)
                                k - ring of resist corrosion

@: no status effects
A: change form in water, swift swim, stealthy swim
a: no special abilities


You were on level 3 of the Dungeon.
You were not hungry.

You visited 1 branch of the dungeon, and saw 3 of its levels.

You collected 96 gold pieces.

Inventory:

Hand Weapons
 e - a +0 spear (weapon)
Armour
 a - a +0 robe (worn)
Jewellery
 f - an amulet of magic regeneration (around neck)
 k - a ring of resist corrosion (left hand)
Wands
 p - a wand of teleportation (6/9)
Scrolls
 d - a scroll of fear {unknown}
 g - a scroll of identify {unknown}
 h - 2 scrolls of recharging {unknown}
 m - 3 scrolls of teleportation {unknown}
 o - 2 scrolls of random uselessness {unknown}
 r - a scroll of blinking {unknown}
Potions
 j - a potion of might {unknown}
 l - a potion of resistance {unknown}
 n - a potion of magic {unknown}
 q - 2 potions of curing {unknown}
Books
 b - a book of Callings

   Spells                             Type                      Level
   a - Summon Small Mammal            Summoning                    1
   b - Call Imp                       Summoning                    2
   c - Call Canine Familiar           Summoning                    3
   d - Summon Guardian Golem          Hexes/Summoning              3
   e - Summon Lightning Spire         Summoning/Air                4
   f - Summon Ice Beast               Ice/Summoning                4
Comestibles
 c - a bread ration
 i - 2 meat rations


   Skills:
 - Level 2.6 Dodging
 - Level 2.1 Stealth
 - Level 2.0 Spellcasting
 + Level 5.7 Summonings


You had 3 spell levels left.
You knew the following spells:

 Your Spells              Type           Power        Failure   Level  Hunger
a - Summon Small Mammal   Summ           ###.         1%          1    #......
b - Summon Guardian Gole  Hex/Summ       ##......     24%         3    ###....


Dungeon Overview and Level Annotations

Branches:
Dungeon (3/15)

Altars:

Annotations:
D:2 Sigmund


Message History

The orc hits you with a flail. The orc barely misses you.
The hobgoblin closely misses you. The worm barely misses you.
The orc shouts!
The orc misses you. The orc barely misses you.
The hobgoblin closely misses you.
An orc priest comes into view. It is wielding a dagger.
The orc closely misses you. The orc barely misses you.
The worm barely misses you. The hobgoblin barely misses you.
The orc closely misses you.
The orc priest shouts!
The orc hits you with a dagger.
The orc hits you from afar with a trident of flaming.
The orc burns you. The hobgoblin closely misses you.
The orc hits you with a flail.
* * * LOW HITPOINT WARNING * * *
The orc barely misses you. The worm misses you. The orc misses you.
The hobgoblin barely misses you.
The orc priest calls down the wrath of Beogh upon you.
Beogh smites you!
You die...

##### .... #
#####.####
####.#........#
#......<.#)# #
#.##......o##.#.#
#######.o....#
#@go.o##
#.wo....#
#........#
#....$..##
##.....## ##.#.##
.### .#


You could see a worm, an orc priest, 4 orcs and a hobgoblin.

Vanquished Creatures
  Robin (D:2)
  An adder (D:2)
  2 giant cockroaches
  4 goblins (D:2)
  A hobgoblin (D:2)
  2 jackals (D:1)
  A ball python (D:1)
  A bat (D:2)
  2 frilled lizards (D:2)
  4 kobolds (D:1)
19 creatures vanquished.

Vanquished Creatures (collateral kills)
  Terence (D:2)
  2 adders (D:2)
  2 dart slugs (D:1)
  2 leopard geckos
  3 giant cockroaches (D:1)
  9 goblins (D:2)
  2 hobgoblins
  A bat (D:2)
  A frilled lizard (D:2)
  2 rats (D:2)
25 creatures vanquished.

Grand Total: 44 creatures vanquished

Notes
Turn   | Place    | Note
-------+----------+-------------------------------------------
     0 | D:1      | Lizzreth the Merfolk Summoner began the quest for the Orb.
     0 | D:1      | Reached XP level 1. HP: 13/13 MP: 3/3
   208 | D:1      | Reached XP level 2. HP: 12/19 MP: 5/5
   606 | D:2      | Reached XP level 3. HP: 24/24 MP: 3/6
   611 | D:2      | Learned a level 3 spell: Summon Guardian Golem
   611 | D:2      | Noticed Terence
   645 | D:2      | Killed Terence
   645 | D:2      | Reached skill level 5 in Summonings
   711 | D:2      | Noticed Sigmund
   984 | D:2      | Reached XP level 4. HP: 13/30 MP: 5/7
  1104 | D:2      | Noticed Robin
  1328 | D:2      | Killed Robin
  2002 | D:3      | Killed from afar by an orc priest

Skill      XL: |  1  2  3 |
---------------+----------+-----
Summonings     | 5 |  5.7
Dodging        | |  2.6
Stealth        | |  2.1
Spellcasting   | |  2.0

Action                   |  1- 3 |  4- 6 || total
-------------------------+-------+-------++-------
Melee: Unarmed           |    22 |       ||    22
       Spear             |    65 |    32 ||    97
 Cast: Summon Small Mamm |    41 |    14 ||    55
       Summon Guardian G |     1 |     1 ||     2
 Stab: Sleeping          |     3 |       ||     3
       Distracted        |     3 |     1 ||     4
  Eat: Chunk             |     1 |       ||     1
       Bread ration      |       |     1 ||     1
Armor: Robe              |     6 |     2 ||     8
Dodge: Dodged            |    55 |    43 ||    98
